| TOP OF THE 1ST |
|
Toledo Mud Hens batting - Pitching for Fresno Grizzlies : RHP Antonio Escobosa
|
|
Pitching: RHP Antonio Escobosa
|
|
|
Batting: LHB Jamel Alexander
|
0-0: Ball 1-0: Fly out, F7 (Flyball, 7LD, EV 98.1 MPH)
|
|
Batting: SHB Raul Morales
|
0-0: Ground out 4-3 (Groundball, 4, EV 110.0 MPH)
|
|
Batting: LHB Andy Schumacher
|
0-0: Ball 1-0: Foul Ball, location: 2F 1-1: Ball 2-1: Ball 3-1: Foul Ball, location: 2F 3-2: Base on Balls
|
|
Batting: RHB Tim Borden
|
0-0: Ground out 5-3 (Groundball, 56, EV 108.1 MPH)
|
| Top of the 1st over - 0 runs, 0 hits, 0 errors, 1 left on base; Toledo 0 - Fresno 0 |
| BOTTOM OF THE 1ST |
|
Fresno Grizzlies batting - Pitching for Toledo Mud Hens : RHP Wayne McAllister
|
|
Pitching: RHP Wayne McAllister
|
|
|
Batting: RHB Paul Shell
|
0-0: Ball 1-0: Called Strike 1-1: Ball 2-1: Ball 3-1: Ground out 6-3 (Groundball, 6, EV 88.1 MPH)
|
|
Batting: LHB Chris Cabrera
|
0-0: Ball 1-0: Ground out 6-3 (Groundball, 6S, EV 61.9 MPH)
|
|
Batting: LHB Mike Davis
|
0-0: Ball 1-0: Called Strike 1-1: Swinging Strike 1-2: Foul Ball, location: 2F 1-2: Ball 2-2: Ball 3-2: Foul Ball, location: 2F 3-2: Strikes out swinging
|
| Bottom of the 1st over - 0 runs, 0 hits, 0 errors, 0 left on base; Toledo 0 - Fresno 0 |
| TOP OF THE 2ND |
|
Toledo Mud Hens batting - Pitching for Fresno Grizzlies : RHP Antonio Escobosa
|
|
Batting: RHB Dave Calder
|
0-0: Ball 1-0: Ball 2-0: Ball 3-0: Called Strike 3-1: Swinging Strike 3-2: Strikes out looking
|
|
Batting: SHB Jamie Roberts
|
0-0: Ground out 4-3 (Groundball, 4, EV 76.3 MPH)
|
|
Batting: RHB Paul Wood
|
0-0: Called Strike 0-1: Ground out 1-3 (Groundball, 23, EV 66.9 MPH)
|
| Top of the 2nd over - 0 runs, 0 hits, 0 errors, 0 left on base; Toledo 0 - Fresno 0 |
| BOTTOM OF THE 2ND |
|
Fresno Grizzlies batting - Pitching for Toledo Mud Hens : RHP Wayne McAllister
|
|
Batting: RHB Dave Glenn
|
0-0: Ball 1-0: Ball 2-0: Called Strike 2-1: SINGLE (Groundball, 56D, EV 106.9 MPH) (infield hit)
|
|
Batting: LHB Anthony Howie
|
0-0: Called Strike 0-1: Foul Ball, location: 2F 0-2: Ball 1-2: Ball 2-2: Ball 3-2: Foul Ball, location: 2F 3-2: Strikes out swinging
|
|
Batting: RHB Chris Fitzgerald
|
0-0: Called Strike 0-1: Called Strike 0-2: Strikes out swinging
|
|
Batting: LHB Chris Redding
|
0-0: Ball 1-0: Ball 2-0: Called Strike 2-1: Ball 3-1: Called Strike 3-2: SINGLE (Groundball, 34D, EV 97.5 MPH) Dave Glenn to second Dave Glenn to third
|
|
Batting: RHB Joe Berkhahn
|
0-0: Called Strike 0-1: Ball 1-1: Ball 2-1: Ball 3-1: Base on Balls Chris Redding to second
|
|
Batting: RHB Tom Carico
|
0-0: Ball 1-0: Ball 2-0: Ball 3-0: Base on Balls Dave Glenn scores Chris Redding to third Joe Berkhahn to second
|
|
Batting: RHB Paul Shell
|
0-0: DOUBLE (Line Drive, 89M, EV 101.3 MPH) Chris Redding scores Joe Berkhahn scores Tom Carico to third Runner from 3rd tries for Home, SAFE, no throw by CF
|
|
Batting: LHB Chris Cabrera
|
0-0: Swinging Strike 0-1: Ball 1-1: Ball 2-1: Ball 3-1: Foul Ball, location: 2F 3-2: SINGLE (Line Drive, 9S, EV 107.5 MPH) Paul Shell to third
|
|
Batting: LHB Mike Davis
|
0-0: Ground out U3 (Groundball, 3, EV 83.1 MPH)
|
| Bottom of the 2nd over - 4 runs, 4 hits, 0 errors, 2 left on base; Toledo 0 - Fresno 4 |
| TOP OF THE 3RD |
|
Toledo Mud Hens batting - Pitching for Fresno Grizzlies : RHP Antonio Escobosa
|
|
Batting: RHB Casey Knutson
|
0-0: Called Strike 0-1: Fly out, F8 (Flyball, 89S, EV 75.6 MPH)
|
|
Batting: RHB Zach Koblinski
|
0-0: Called Strike 0-1: Called Strike 0-2: Ball 1-2: Ball 2-2: Strikes out swinging
|
|
Batting: LHB Jamel Alexander
|
0-0: Called Strike 0-1: Reached on error, E5 (Groundball, 56, EV 110.6 MPH)
|
|
Batting: SHB Raul Morales
|
0-0: Called Strike 0-1: Ball 1-1: Ball 2-1: Fly out, F9 (Line Drive, 9, EV 108.1 MPH)
|
| Top of the 3rd over - 0 runs, 0 hits, 1 error, 1 left on base; Toledo 0 - Fresno 4 |
| BOTTOM OF THE 3RD |
|
Fresno Grizzlies batting - Pitching for Toledo Mud Hens : RHP Wayne McAllister
|
|
Batting: RHB Dave Glenn
|
0-0: Ball 1-0: Called Strike 1-1: Ball 2-1: Ground out 5-3 (Groundball, 56, EV 96.3 MPH)
|
|
Batting: LHB Anthony Howie
|
0-0: Ball 1-0: Swinging Strike 1-1: Ball 2-1: Ball 3-1: Foul Ball, location: 2F 3-2: Foul Ball, location: 2F 3-2: Base on Balls
|
|
Batting: RHB Chris Fitzgerald
|
0-0: Fielders Choice at 2nd, 5-4 (Groundball, 56, EV 83.8 MPH)
|
|
Batting: LHB Chris Redding
|
0-0: Hit by Pitch Chris Fitzgerald to second
|
|
Batting: RHB Joe Berkhahn
|
0-0: Fielders Choice at 2nd, 5-4 (Groundball, 5, EV 102.5 MPH)
|
| Bottom of the 3rd over - 0 runs, 0 hits, 0 errors, 2 left on base; Toledo 0 - Fresno 4 |
| TOP OF THE 4TH |
|
Toledo Mud Hens batting - Pitching for Fresno Grizzlies : RHP Antonio Escobosa
|
|
Batting: LHB Andy Schumacher
|
0-0: Ball 1-0: Swinging Strike 1-1: Ground out U3 (Groundball, 3L, EV 85.6 MPH)
|
|
Batting: RHB Tim Borden
|
0-0: Called Strike 0-1: Ball 1-1: Foul Ball, location: 2F 1-2: Strikes out looking
|
|
Batting: RHB Dave Calder
|
0-0: Ball 1-0: Foul Ball, location: 2F 1-1: Foul Ball, location: 2F 1-2: Ball 2-2: Foul Ball, location: 2F 2-2: Foul Ball, location: 2F 2-2: Ball 3-2: Foul Ball, location: 2F 3-2: Foul Ball, location: 2F 3-2: Foul Ball, location: 2F 3-2: Foul Ball, location: 2F 3-2: Foul Ball, location: 2F 3-2: Ground out 4-3 (Groundball, 4, EV 83.1 MPH)
|
| Top of the 4th over - 0 runs, 0 hits, 0 errors, 0 left on base; Toledo 0 - Fresno 4 |
| BOTTOM OF THE 4TH |
|
Fresno Grizzlies batting - Pitching for Toledo Mud Hens : RHP Wayne McAllister
|
|
Batting: RHB Tom Carico
|
0-0: Ball 1-0: Ball 2-0: Swinging Strike 2-1: Foul Ball, location: 2F 2-2: SINGLE (Flyball, 8RM, EV 89.4 MPH)
|
|
Batting: RHB Paul Shell
|
0-0: Ball 1-0: Called Strike 1-1: SINGLE (Groundball, 56D, EV 100.0 MPH) Tom Carico to second
|
|
Batting: LHB Chris Cabrera
|
0-0: Ball 1-0: Ball 2-0: Ball 3-0: Called Strike 3-1: Grounds into double play, 6-4-3 (Groundball, 6, EV 109.4 MPH) Tom Carico to third
|
|
Batting: LHB Mike Davis
|
0-0: Ball 1-0: Swinging Strike 1-1: Called Strike 1-2: Ball Wild Pitch! Tom Carico scores 2-2: SOLO HOME RUN (Flyball, 9D, EV 96.9 MPH), Distance : 384 ft
|
|
Pitching: RHP Isma'il bin Burhan
|
|
|
Batting: RHB Dave Glenn
|
0-0: Ground out 4-3 (Groundball, 4, EV 85.6 MPH)
|
| Bottom of the 4th over - 2 runs, 3 hits, 0 errors, 0 left on base; Toledo 0 - Fresno 6 |
| TOP OF THE 5TH |
|
Toledo Mud Hens batting - Pitching for Fresno Grizzlies : RHP Antonio Escobosa
|
|
Batting: SHB Jamie Roberts
|
0-0: Ball 1-0: Foul Ball, location: 2F 1-1: Foul Ball, location: 2F 1-2: Ball 2-2: Foul Ball, location: 2F 2-2: Ball 3-2: Foul Ball, location: 2F 3-2: Strikes out looking
|
|
Batting: RHB Paul Wood
|
0-0: SINGLE (Groundball, 4MS, EV 64.4 MPH) (infield hit)
|
|
Batting: RHB Casey Knutson
|
0-0: Ball 1-0: Ball Paul Wood is caught stealing 2nd base 2-4 2-0: Ball 3-0: Swinging Strike 3-1: Called Strike 3-2: Ground out U3 (Groundball, 34, EV 111.9 MPH)
|
| Top of the 5th over - 0 runs, 1 hit, 0 errors, 0 left on base; Toledo 0 - Fresno 6 |
| BOTTOM OF THE 5TH |
|
Fresno Grizzlies batting - Pitching for Toledo Mud Hens : RHP Isma'il bin Burhan
|
|
Batting: LHB Anthony Howie
|
0-0: Ball 1-0: Ball 2-0: Called Strike 2-1: Ball 3-1: DOUBLE (Flyball, 8LXD, EV 107.5 MPH)
|
|
Batting: RHB Chris Fitzgerald
|
0-0: Called Strike 0-1: Ball 1-1: Ball 2-1: Foul Ball, location: 2F 2-2: Ball 3-2: Foul Ball, location: 2F 3-2: Base on Balls
|
|
Batting: LHB Chris Redding
|
0-0: Called Strike 0-1: Ball 1-1: SINGLE (Groundball, 6MD, EV 110.0 MPH) Anthony Howie to third Chris Fitzgerald to second Runner from 3rd tries for Home, throw by CF and OUT! 8-2
|
|
Batting: RHB Joe Berkhahn
|
0-0: Called Strike 0-1: Ball 1-1: Called Strike 1-2: Ball 2-2: Foul Ball, location: 2F 2-2: Fielders Choice at 2nd, 3-6 (Groundball, 34, EV 77.5 MPH) Chris Fitzgerald to third
|
|
Batting: RHB Tom Carico
|
0-0: Ball 1-0: DOUBLE (Line Drive, 9LS, EV 106.9 MPH) Chris Fitzgerald scores Joe Berkhahn to third
|
|
Batting: RHB Paul Shell
|
0-0: Called Strike 0-1: Swinging Strike 0-2: Foul Ball, location: 2F 0-2: Ball 1-2: Ball 2-2: Foul Ball, location: 2F 2-2: Strikes out looking
|
| Bottom of the 5th over - 1 run, 3 hits, 0 errors, 2 left on base; Toledo 0 - Fresno 7 |
| TOP OF THE 6TH |
|
Toledo Mud Hens batting - Pitching for Fresno Grizzlies : RHP Antonio Escobosa
|
|
Batting: RHB Zach Koblinski
|
0-0: Called Strike 0-1: Ground out 5-3 (Groundball, 56S, EV 81.9 MPH)
|
|
Batting: LHB Jamel Alexander
|
0-0: Foul Ball, location: 2F 0-1: Ball 1-1: SINGLE (Line Drive, 89S, EV 97.5 MPH)
|
|
Batting: SHB Raul Morales
|
0-0: Ball 1-0: Ball 2-0: Called Strike 2-1: Ball 3-1: Grounds into double play, 6-4-3 (Groundball, 6, EV 87.5 MPH)
|
| Top of the 6th over - 0 runs, 1 hit, 0 errors, 0 left on base; Toledo 0 - Fresno 7 |
| BOTTOM OF THE 6TH |
|
Fresno Grizzlies batting - Pitching for Toledo Mud Hens : RHP Isma'il bin Burhan
|
|
Batting: LHB Chris Cabrera
|
0-0: Called Strike 0-1: Called Strike 0-2: Ball 1-2: Hit by Pitch
|
|
Batting: LHB Mike Davis
|
0-0: Ball 1-0: SINGLE (Groundball, 4MD, EV 94.4 MPH) Chris Cabrera to second
|
|
Batting: RHB Dave Glenn
|
0-0: Ball 1-0: Ball 2-0: Swinging Strike 2-1: Called Strike 2-2: Foul Ball, location: 2F 2-2: Ball 3-2: Base on Balls Chris Cabrera to third Mike Davis to second
|
|
Pitching: RHP Dave Zerphey
|
|
|
Batting: LHB Anthony Howie
|
0-0: Ball 1-0: SINGLE (Groundball, 6S, EV 70.0 MPH) (infield hit) Chris Cabrera scores Mike Davis to third Dave Glenn to second
|
|
Batting: RHB Chris Fitzgerald
|
0-0: Grounds into double play, 4-6-3 (Groundball, 4MD, EV 81.3 MPH) Mike Davis scores Dave Glenn to third
|
|
Batting: LHB Chris Redding
|
0-0: Called Strike 0-1: Foul Ball, location: 2F 0-2: Foul Ball, location: 2F 0-2: Ground out U3 (Groundball, 3, EV 85.6 MPH)
|
| Bottom of the 6th over - 2 runs, 2 hits, 0 errors, 1 left on base; Toledo 0 - Fresno 9 |
| TOP OF THE 7TH |
|
Toledo Mud Hens batting - Pitching for Fresno Grizzlies : RHP Antonio Escobosa
|
|
Batting: LHB Andy Schumacher
|
0-0: Foul Ball, location: 2F 0-1: Ball 1-1: Called Strike 1-2: Ball 2-2: Ground out U3 (Groundball, 3L, EV 103.1 MPH)
|
|
Batting: RHB Tim Borden
|
0-0: Ball 1-0: Ball 2-0: Fly out, F8 (Line Drive, 8RM, EV 106.9 MPH)
|
|
Batting: RHB Dave Calder
|
0-0: SINGLE (Groundball, 56D, EV 99.4 MPH)
|
|
Batting: SHB Jamie Roberts
|
0-0: Called Strike 0-1: Swinging Strike 0-2: Strikes out looking
|
| Top of the 7th over - 0 runs, 1 hit, 0 errors, 1 left on base; Toledo 0 - Fresno 9 |
| BOTTOM OF THE 7TH |
|
Fresno Grizzlies batting - Pitching for Toledo Mud Hens : RHP Dave Zerphey
|
|
Batting: RHB Joe Berkhahn
|
0-0: Foul Ball, location: 2F 0-1: Foul Ball, location: 2F 0-2: Ball 1-2: Ball 2-2: Strikes out looking
|
|
Batting: RHB Tom Carico
|
0-0: Called Strike 0-1: Ground out U3 (Groundball, 3, EV 91.9 MPH)
|
|
Batting: RHB Paul Shell
|
0-0: Ball 1-0: Foul Ball, location: 2F 1-1: Ball 2-1: Foul Ball, location: 2F 2-2: Foul Ball, location: 2F 2-2: Foul Ball, location: 2F 2-2: Ball 3-2: Base on Balls
|
|
Batting: LHB Chris Cabrera
|
0-0: DOUBLE (Line Drive, 7LM, EV 105.0 MPH) Paul Shell to third Runner from 3rd tries for Home, SAFE, no throw by LF
|
|
Batting: LHB Mike Davis
|
0-0: Ball 1-0: Ball 2-0: Called Strike 2-1: Ball 3-1: Base on Balls
|
|
Batting: RHB Dave Glenn
|
0-0: Ball 1-0: Foul Ball, location: 2F 1-1: Ball 2-1: DOUBLE (Line Drive, 89D, EV 111.9 MPH) Chris Cabrera scores Mike Davis to third Runner from 3rd tries for Home, SAFE, throw by RF to trailing runner, SAFE at third!
|
|
Batting: LHB Anthony Howie
|
0-0: Called Strike 0-1: Swinging Strike 0-2: Strikes out looking
|
| Bottom of the 7th over - 3 runs, 2 hits, 0 errors, 1 left on base; Toledo 0 - Fresno 12 |
| TOP OF THE 8TH |
|
Toledo Mud Hens batting - Pitching for Fresno Grizzlies : RHP Antonio Escobosa
|
|
Batting: RHB Paul Wood
|
0-0: Ball 1-0: Called Strike 1-1: SINGLE (Groundball, 5L, EV 88.1 MPH) (infield hit)
|
|
Batting: RHB Casey Knutson
|
0-0: Ball 1-0: Ball 2-0: Ball 3-0: Called Strike 3-1: Base on Balls Paul Wood to second
|
|
Pinch Hitting: RHB Josh Stinnett
|
0-0: Called Strike 0-1: Ball 1-1: Fielders Choice at 2nd, 6-4 (Groundball, 6, EV 82.5 MPH) Paul Wood to third
|
|
Pitching: RHP Greg Ritchie
|
|
|
Batting: LHB Jamel Alexander
|
0-0: Called Strike 0-1: Ball 1-1: Ball 2-1: Ball 3-1: Foul Ball, location: 2F 3-2: DOUBLE (Flyball, 89D, EV 104.4 MPH) Paul Wood scores Josh Stinnett to third
|
|
Batting: SHB Raul Morales
|
0-0: Ball 1-0: Ground out 4-3 (Groundball, 4, EV 90.6 MPH) Josh Stinnett scores Jamel Alexander to third
|
|
Batting: LHB Andy Schumacher
|
0-0: Ball 1-0: Foul Ball, location: 2F 1-1: Swinging Strike 1-2: Ball 2-2: Foul Ball, location: 2F 2-2: Fly out, F9 (Flyball, 89D, EV 105.0 MPH)
|
| Top of the 8th over - 2 runs, 2 hits, 0 errors, 1 left on base; Toledo 2 - Fresno 12 |
| BOTTOM OF THE 8TH |
|
Fresno Grizzlies batting - Pitching for Toledo Mud Hens : RHP Dave Zerphey
|
|
Now at SS: Josh Stinnett
|
|
|
Batting: RHB Chris Fitzgerald
|
0-0: Called Strike 0-1: Foul Ball, location: 2F 0-2: Ball 1-2: DOUBLE (Flyball, 78XD, EV 93.8 MPH) - OUT at third base trying to stretch hit.
|
|
Pitching: RHP Will Lane
|
|
|
Batting: LHB Chris Redding
|
0-0: Ball 1-0: Called Strike 1-1: Foul Ball, location: 2F 1-2: Ball 2-2: Ground out U3 (Groundball, 3L, EV 85.6 MPH)
|
|
Batting: RHB Joe Berkhahn
|
0-0: Called Strike 0-1: Ball 1-1: Foul Ball, location: 2F 1-2: SINGLE (Line Drive, 9S, EV 95.0 MPH)
|
|
Batting: RHB Tom Carico
|
0-0: Called Strike 0-1: Ball 1-1: Called Strike 1-2: Foul Ball, location: 2F 1-2: Foul Ball, location: 2F 1-2: Strikes out swinging
|
| Bottom of the 8th over - 0 runs, 2 hits, 0 errors, 1 left on base; Toledo 2 - Fresno 12 |
| TOP OF THE 9TH |
|
Toledo Mud Hens batting - Pitching for Fresno Grizzlies : RHP Greg Ritchie
|
|
Batting: RHB Tim Borden
|
0-0: Fly out, F8 (Flyball, 8LS, EV 81.3 MPH)
|
|
Batting: RHB Dave Calder
|
0-0: Ball 1-0: Called Strike 1-1: Ball 2-1: Swinging Strike 2-2: DOUBLE (Line Drive, 8RXD, EV 105.0 MPH)
|
|
Batting: SHB Jamie Roberts
|
0-0: Ball 1-0: Ball 2-0: Ball 3-0: Called Strike 3-1: Foul Ball, location: 2F 3-2: Foul Ball, location: 2F 3-2: SINGLE (Flyball, 8RS, EV 91.9 MPH) Dave Calder to third
|
|
Batting: RHB Paul Wood
|
0-0: Ball 1-0: Ball 2-0: Ball 3-0: Base on Balls Jamie Roberts to second
|
|
Batting: RHB Casey Knutson
|
0-0: Grounds into fielders choice 1-2 (Groundball, 13, EV 71.9 MPH) Jamie Roberts to third Paul Wood to second
|
|
Batting: RHB Josh Stinnett
|
0-0: Ball 1-0: SINGLE (Line Drive, 4M, EV 101.3 MPH) Jamie Roberts scores Paul Wood to third Casey Knutson to second
|
|
Batting: LHB Jamel Alexander
|
0-0: DOUBLE (Flyball, 8LXD, EV 107.5 MPH) Paul Wood scores Casey Knutson scores Josh Stinnett to third
|
|
Batting: SHB Raul Morales
|
0-0: Called Strike 0-1: Ball 1-1: Ball 2-1: Ball 3-1: Called Strike 3-2: SINGLE (Groundball, 34D, EV 98.1 MPH) Josh Stinnett scores Jamel Alexander to third
|
|
Pitching: RHP Jim Davis
|
|
|
Batting: LHB Andy Schumacher
|
0-0: Ball 1-0: Ball 2-0: Ball Wild Pitch! Jamel Alexander scores Raul Morales to second 3-0: Base on Balls
|
|
Batting: RHB Tim Borden
|
0-0: Called Strike 0-1: Ball 1-1: Ball 2-1: Called Strike 2-2: Strikes out swinging
|
| Top of the 9th over - 5 runs, 5 hits, 0 errors, 2 left on base; Toledo 7 - Fresno 12 |
|